 Dungeon Crawl Stone Soup version 0.29.1-15-g9cfb28693d (webtiles) character file.

Game seed: 884767251438631383

3450 booth the Cleaver (level 9, 0/118 HPs)
             Began as a Minotaur Gladiator on Mar 21, 2023.
             Was a Follower of Okawaru.
             Slain by an orc warrior
             ... wielding a +0 glaive
              (10 damage)
             ... on level 8 of the Dungeon.
             The game lasted 00:48:54 (7408 turns).

booth the Cleaver (Minotaur Gladiator)              Turns: 7408, Time: 00:48:55

Health: 0/118      AC: 28    Str: 31    XL:     9   Next: 78%
Magic:  8/8        EV:  2    Int:  5    God:    Okawaru [*.....]
Gold:   286        SH:  0    Dex: 11    Spells: 8/8 levels left

rFire   . . .      SeeInvis .   m - +6 mace of Offence {drain, rElec Str+7}
rCold   . . .      Faith    .   (no shield)
rNeg    . . .      Spirit   .   (body armour currently unavailable)
rPois   +          Reflect  .   (helmet currently unavailable)
rElec   +          Harm     .   (cloak currently unavailable)
rCorr   .          Rampage  .   (gloves currently unavailable)
Will    .....      Clarity  +   (boots currently unavailable)
Stlth   +......... NoTele   +   (no amulet)
HPRegen 0.29/turn               h - +4 ring of protection
MPRegen 0.11/turn               k - +4 ring of slaying

@: tree-form (expiring)
A: stationary, stasis, torment immunity, boosted hp, (horns 2), (retaliatory
headbutt), clarity, mutation resistance 1
a: Renounce Religion, Heroism


You were on level 8 of the Dungeon.
You worshipped Okawaru.
Okawaru was aware of your devotion.
You were a tree.
You visited 2 branches of the dungeon, and saw 9 of its levels.

You collected 346 gold pieces.
You spent 60 gold pieces at shops.

Inventory:

Hand Weapons
 a - a +2 war axe of freezing
 l - a +0 mace
 m - the +6 mace of Offence (weapon) {drain, rElec Str+7}
   (You found it on level 8 of the Dungeon)

   A truly terrible weapon, it drains the life of any living foe it strikes.
   Str:       It affects your strength (+7).
   rElec:     It insulates you from electricity.
Missiles
 d - 3 throwing nets (quivered)
 e - a javelin
 w - 8 poisoned darts
Armour
 b - a +0 leather armour (melded)
 c - a +0 hat (melded)
 f - a +1 pair of boots (melded)
 A - a +0 scale mail of cold resistance
Jewellery
 h - a +4 ring of protection (left branch)
 k - a +4 ring of slaying (right branch)
 p - a +4 ring of protection
 E - an amulet of faith
Wands
 s - a wand of flame (28)
Scrolls
 i - a scroll of amnesia
 n - 3 scrolls of teleportation
 r - a scroll of silence {unknown}
 v - a scroll of blinking {unknown}
 y - a scroll of fear {unknown}
Potions
 g - 3 potions of haste
 o - a potion of magic
 q - a potion of cancellation {unknown}
 t - a potion of mutation
 u - a potion of resistance {unknown}
 x - a potion of curing
 C - a potion of invisibility {unknown}


   Skills:
 + Level 7.6 Fighting
 - Level 10.1(10.4) Axes
 * Level 3.6(7.4) Maces & Flails
 + Level 6.2 Throwing
 + Level 4.2 Armour
 + Level 7.4 Dodging


You had 8 spell levels left.
You didn't know any spells.
Your spell library contained the following spells:

 Spells                   Type           Power      Damage    Failure   Level
 Apportation              Tloc           0%         N/A       47%         1
 Foxfire                  Conj/Fire      0%         2x1d4     47%         1
 Magic Dart               Conj           0%         1d3       47%         1
 Poisonous Vapours        Pois/Air       0%         N/A       63%         2
 Sublimation of Blood     Necr           0%         N/A       63%         2
 Confusing Touch          Hex            0%         N/A       85%         3
 Conjure Flame            Conj/Fire      0%         6-21      85%         3
 Inner Flame              Hex/Fire       0%         N/A       85%         3
 Mephitic Cloud           Conj/Pois/Air  0%         N/A       85%         3
 Corpse Rot               Necr/Pois/Air  0%         N/A       99%         4
 Flame Wave               Conj/Fire      0%         2d4       99%         4
 Petrify                  Tmut/Erth      0%         N/A       99%         4
 Alistair's Intoxication  Tmut/Pois      0%         N/A       100%        5
 Irradiate                Conj/Tmut      0%         3d11      100%        5
 Yara's Violent Unravell  Hex/Tmut       0%         3d3       100%        5
 Enfeeble                 Hex            0%         N/A       100%        7
 Call Imp                 Summ           Unusable   N/A       N/A         2

Dungeon Overview and Level Annotations

Branches:
Dungeon (8/15)             Temple (1/1) D:7
   Lair: D:8-11

Altars:
Ashenzari
Cheibriados
Dithmenos
Elyvilon
Fedhas
Gozag
Hepliaklqana
Kikubaaqudgha
Makhleb
Nemelex Xobeh
Okawaru
Ru
Sif Muna
Trog
Uskayaw
Vehumet
Wu Jian
Xom
The Shining One

Shops:
D:1 (   D:2 ?   D:3 :

Annotations:
D:4 2 runed translucent doors, sigtrap's ghost, novice FoHu


Innate Abilities, Weirdness & Mutations

You are a tree.
Your roots penetrate the ground, keeping you stationary.
You cannot be teleported.
You are immune to unholy pain and torment.
Your maximum health is greatly increased.
Your equipment is partially melded.
((You have a pair of horns on your head.))
((You reflexively headbutt those who attack you in melee.))
You possess an exceptional clarity of mind.
You are somewhat resistant to further mutation.


Message History

The wight hits you but does no damage. x2
You cannot move.
You cannot move.
You cannot move.
The wight hits you but does no damage. x2
An orc priest comes into view. It is wielding a +0 hand axe.
The wight hits you but does no damage. x2
Your transformation is almost over.
The wight hits you but does no damage. x2
An orc warrior comes into view. It is wielding a +0 glaive.
The wight hits you from afar with a +2 spear.
* * * LOW HITPOINT WARNING * * *
The wight hits you but does no damage. The wight completely misses you.
The wight hits you but does no damage.
The wight hits you but does no damage. x2
The wight hits you but does no damage. The wight completely misses you.
A centaur comes into view.
The centaur shouts!
You bludgeon the orc priest!!
You kill the orc priest!
Okawaru accepts your kill.
The wight hits you but does no damage. x2
Aiming: Throw Flame
Press: ? - help, Q - select action, (/) - cycle Shift-Dir - straight line, f - wight
Aim: a wight, wielding a +3 spear and wearing a +0 robe (68% to hit)
The puff of flame hits the wight.
The wight is moderately damaged.
The wight hits you but does no damage.
The wight hits you from afar with a +3 spear.
* * * LOW HITPOINT WARNING * * *
The orc warrior hits you from afar with a +0 glaive!
* * * LOW HITPOINT WARNING * * *
Aiming: Throw Flame
Press: ? - help, Q - select action, (/) - cycle Shift-Dir - straight line, f/p - wight
Aim: a wight, wielding a +3 spear and wearing a +0 robe (moderately damaged, 68% to hit)
The puff of flame misses the wight.
The wight barely misses you. x2
An orc wizard comes into view. It is wielding a +0 dagger.
The orc warrior hits you from afar with a +0 glaive!
You die...

..# #.#. #.#...## ...
#.#.. #.#..... #... #.#..
#.#...#####
....#.#...#.#...#...
#.#..#. ...#.#...... .
..... .......#.# ..
#.#.#.z#####.##..#.###...
.......)♣)oc...o.........
....#.z####..##..........
# #.... #..####..##....
#.... #..# #..##....
...... #..# #..##....
....... ...####..##..#.
.####.. ................
#.. .........)#.....
.........#..<..


You could see an orc warrior, a centaur, 2 wights and an orc wizard.

Vanquished Creatures
  Erica (D:8)
  Sigmund (D:3)
  A water moccasin (D:7)
  3 ice beasts
  3 black bears
  4 ogres
  2 centaurs
  6 bullfrogs
  5 scorpions
  A gnoll sergeant (D:7)
  A wight (D:8)
  A howler monkey (D:7)
  3 jellies
  5 hounds
  An orc priest (D:8)
  Jessica (D:3)
  Natasha (thrice) (D:2)
  3 iguanas
  Terence (D:3)
  10 adders
  7 gnolls
  A shadow imp (D:7)
  A white imp (D:7)
  2 ufetubi (D:6)
  A worm (D:4)
  13 orcs
  5 ball pythons
  5 endoplasms
  3 giant cockroaches
  10 hobgoblins
  5 jackals
  7 kobolds
  2 quokkas (D:1)
  5 bats
  4 frilled lizards
  6 goblins
  9 rats
142 creatures vanquished.

Vanquished Creatures (others)
  A butterfly (D:3)
1 creature vanquished.

Grand Total: 143 creatures vanquished

Notes
Turn   | Place    | Note
-------+----------+-------------------------------------------
     0 | D:1      | booth the Minotaur Gladiator began the quest for the Orb.
     0 | D:1      | Reached XP level 1. HP: 18/18 MP: 0/0
   173 | D:1      | Reached XP level 2. HP: 17/25 MP: 1/1
   178 | D:1      | Reached skill level 4 in Axes
   218 | D:1      | Found Geow's Weapon Boutique.
   421 | D:1      | Found a faded altar of an unknown god.
   581 | D:1      | Reached XP level 3. HP: 30/30 MP: 2/2
  1095 | D:2      | Noticed Natasha
  1104 | D:2      | Killed Natasha
  1105 | D:2      | Reached XP level 4. HP: 35/38 MP: 3/3
  1196 | D:2      | Noticed Natasha
  1198 | D:2      | Found Buon's Magic Scroll Boutique.
  1200 | D:2      | Killed Natasha
  1215 | D:2      | Bought a scroll of identify for 24 gold pieces
  1215 | D:2      | Bought a scroll of teleportation for 36 gold pieces
  1300 | D:2      | Reached skill level 5 in Axes
  1482 | D:2      | Noticed Natasha
  1489 | D:2      | Killed Natasha
  1887 | D:3      | Found a white marble altar of Elyvilon.
  1954 | D:3      | Reached XP level 5. HP: 43/45 MP: 4/4
  2011 | D:3      | Found Oche's Book Shoppe.
  2088 | D:3      | Noticed Jessica
  2093 | D:3      | Killed Jessica
  2116 | D:3      | Noticed Terence
  2122 | D:3      | Killed Terence
  2413 | D:3      | Noticed Sigmund
  2429 | D:3      | Killed Sigmund
  2430 | D:3      | Reached skill level 6 in Axes
  2430 | D:3      | Reached XP level 6. HP: 31/52 MP: 5/5
  2961 | D:4      | HP: 1/53 [gnoll/+0 spear (2)]
  2966 | D:4      | Reached XP level 7. HP: 13/60 MP: 6/6
  2967 | D:4      | Gained mutation: Your muscles are strong. (Str +4, Int/Dex
                  | -1) [potion of mutation]
  2967 | D:4      | Gained mutation: You sometimes lose your temper in combat.
                  | [potion of mutation]
  2967 | D:4      | Found a runed translucent door.
  3231 | D:4      | Noticed sigtrap's ghost (novice FoHu)
  3250 | D:4      | Found a runed translucent door.
  3481 | D:4      | Reached skill level 5 in Dodging
  3504 | D:4      | Reached skill level 7 in Axes
  3898 | D:4      | Reached skill level 5 in Fighting
  4583 | D:5      | Entered Level 5 of the Dungeon
  4673 | D:5      | Reached XP level 8. HP: 69/69 MP: 7/7
  4675 | D:5      | Reached skill level 8 in Axes
  4692 | D:5      | Lost mutation: Your muscles are strong. (Str +4, Int/Dex
                  | -1) [potion of mutation]
  4692 | D:5      | Lost mutation: You sometimes lose your temper in combat.
                  | [potion of mutation]
  4692 | D:5      | Gained mutation: You possess an exceptional clarity of
                  | mind. [potion of mutation]
  4692 | D:5      | Gained mutation: You are somewhat resistant to further
                  | mutation. [potion of mutation]
  5413 | D:6      | Identified the +0 leather armour of the King of the Hill
                  | {Int+4}
  5447 | D:6      | Reached skill level 5 in Throwing
  5454 | D:6      | Reached skill level 1 in Armour
  5508 | D:6      | Reached skill level 9 in Axes
  5938 | D:6      | Found an ornate altar of the Wu Jian Council.
  6036 | D:6      | Found a broken altar of Ashenzari.
  6039 | D:6      | Found a radiant altar of Vehumet.
  6044 | D:6      | Found a burning altar of Makhleb.
  6220 | D:7      | Reached XP level 9. HP: 22/78 MP: 8/8
  6542 | D:7      | Found a shadowy altar of Dithmenos.
  6567 | D:7      | Found a staircase to the Ecumenical Temple.
  6574 | Temple   | Entered the Ecumenical Temple
  6669 | Temple   | Became a worshipper of Warmaster Okawaru
  6811 | D:7      | Reached skill level 10 in Axes
  7361 | D:8      | Identified the +6 mace of Offence {drain, rElec Str+7}
  7376 | D:8      | Noticed Erica
  7387 | D:8      | Killed Erica
  7387 | D:8      | Reached * piety under Okawaru
  7408 | D:8      | Slain by an orc warrior

Illustrated notes

Levels and vault maps discovered:
D:1:      minmay_arrival_doors, layout_rooms, serial_shops,
          nicolae_shop_advertising_works [nicolae_subvault_shop_adworks],
          shapermc_ecumenical_altar_totnotflames
D:2:      layout_loops_corners, serial_shops, nicolae_shop_statue_plus,
          uniq_natasha
D:3:      layout_loops_corners, nicolae_elyvilon_peaceful_grove, serial_shops,
          shop, uniq_sigmund, uniq_jessica, uniq_terence
D:4:      layout_layer_cave, ebering_ghost_sewer_f, enter_ossuary_1
D:5:      layout_cave_pods
D:6:      minmay_general_purpose_star, layout_rooms, nzn_wu_jian_contemplation,
          nicolae_overflow_hidden_temple
D:7:      layout_cave_pools, overflow_temple_1_default,
          minmay_temple_entry_nine_rooms
D:8:      layout_basic, st_stairs_6, uniq_erica
Temple:   hellmonk_temple_forest_ring

Skill      XL: |  1  2  3  4  5  6  7  8  9 |
---------------+----------------------------+-----
Axes           | 4 5 6 7 9 10 | 10.1
Fighting       | 3 4 5 6 7 |  7.6
Dodging        | 4 5 6 7 |  7.4
Throwing       | 3 4 5 6 |  6.2
Armour         | 2 4 |  4.2
Maces & Flails | 3 |  3.6

Action                   |  1- 3 |  4- 6 |  7- 9 || total
-------------------------+-------+-------+-------++-------
Melee: War axe           |    72 |    63 |   118 ||   253
       Headbutt          |     7 |     9 |    26 ||    42
       Punch             |       |       |     3 ||     3
       Mace              |       |       |    16 ||    16
Evoke: Wand              |       |       |     2 ||     2
  Use: Scroll            |       |     6 |     6 ||    12
       Potion            |       |     2 |     6 ||     8
Armor: Leather armour    |    20 |    31 |    39 ||    90
       Skin              |       |       |    34 ||    34
Dodge: Dodged            |    61 |    50 |    97 ||   208
